AoeStats
← 雾海上的漫游者

Enclosed

504411606Analyzed
1v1 RM · 28d ago on Sep 5, 2026· 57m 52s· 2 players
Game mode
Random Map
Map size
Tiny (2 player)
Population
200
Speed
Normal
Resources
Standard
Victory
Conquest
Starting age
Dark Age
Ending age
Imperial Age
RankedLock teamsTeams togetherTeam positionsShared explorationLock speedFull tech treeHidden civsTurbo modeCheats
Victory
Defeat
🇨🇳 Spanish · China
960
+17
🇻🇪 Georgians · Venezuela
981
-17
雾海上的漫游者
11:24 Feudal Age
11:36 Feudal Age
13:02 Double-Bit Axe
13:18 Loom
16:03 Castle Age
14:43 Horse Collar
15:36 Gold Mining
24:33 Heavy Plow
26:00 Fervor
26:40 Wheelbarrow
27:08 Bow Saw
29:15 Hand Cart
30:10 Town Watch
30:38 Fletching
30:58 Stone Mining
31:00 Gold Mining
31:53 Bodkin Arrow
32:39 Stone Shaft Mining
35:04 Imperial Age
32:38 Town Patrol
33:52 Redemption
33:17 Elite Skirmisher
34:35 Padded Archer Armor
34:43 Scale Barding Armor
34:45 Padded Archer Armor
36:05 Conscription
36:49 Chemistry
36:10 Ballistics
35:54 Bracer
36:24 Bloodlines
36:15 Husbandry
36:00 Pikeman
36:40 Squires
37:25 Hoardings
36:59 Cavalier
38:10 Supremacy
39:39 Two-Man Saw
39:21 Guilds
39:59 Leather Archer Armor
40:03 Masonry
43:00 Ring Archer Armor
42:37 Scale Barding Armor
45:26 Forging
45:57 Halberdier
47:22 Elite Conquistador
53:15 Inquisition
53:21 Paladin
53:23 Light Cavalry
54:37 Hussar
56:42 Chain Barding Armor
56:58 Iron Casting
ruvolo19
11:20 Feudal Age
11:33 Loom
13:40 Bloodlines
15:52 Scale Barding Armor
20:28 Castle Age
19:42 Double-Bit Axe
19:48 Gold Mining
20:28 Horse Collar
23:22 Wheelbarrow
23:28 Forging
27:33 Hand Cart
28:12 Pikeman
28:55 Scale Mail Armor
28:57 Padded Archer Armor
28:47 Fletching
30:21 Town Watch
33:29 Heavy Plow
34:28 Iron Casting
34:37 Chain Barding Armor
35:31 Svan Towers
39:12 Imperial Age
39:35 Town Patrol
40:58 Plate Barding Armor
41:24 Blast Furnace
40:15 Fletching
40:40 Leather Archer Armor
40:41 Chain Mail Armor
41:50 Conscription
41:36 Aznauri Cavalry
41:36 Svan Towers
41:34 Halberdier
42:05 Elite Monaspa
43:44 Conscription
45:07 Elite Skirmisher
46:02 Bodkin Arrow
46:38 Plate Mail Armor
46:37 Ballistics
47:17 Chemistry
48:26 Bracer
49:03 Siege Engineers
49:08 Masonry
48:38 Treadmill Crane
48:54 Murder Holes
50:06 Man-at-Arms
50:31 Gambesons
50:47 Squires
50:32 Arson
51:25 Long Swordsman
52:30 Capped Ram
54:00 Two-Handed Swordsman
54:31 Siege Ram
56:53 Champion
Connection lost

Rejoining the realm…

Still unreachable

The connection could not be restored.

Session expired

The server has moved on; the page needs a fresh start.